 Dungeon Crawl Stone Soup version 0.31.0-12-g77e489cdc1 (webtiles) character file.

Game seed: 6690094657806691460

21 ChadusMaximus the Caller (level 2, -2/19 HPs)
             Began as a Barachi Summoner on Mar 3, 2024.
             Frozen to death by an endoplasm (4 damage)
             ... on level 2 of the Dungeon.
             The game lasted 00:01:41 (815 turns).

ChadusMaximus the Caller (Barachi Summoner)          Turns: 815, Time: 00:01:42

Health: -2/19      AC:  2    Str:  9    XL:     2   Next: 87%
Magic:  3/5        EV: 27    Int: 15    God:
Gold:   29         SH:  0    Dex: 12    Spells: 5/6 levels left

rFire   . . .        i - +0 sling
rCold   . . .        (no shield)
rNeg    . . .        a - +0 robe
rPois   .            (no helmet)
rElec   .            (no cloak)
rCorr   .            (no gloves)
SInv    .            (no boots)
Will    .....        k - amulet of the acrobat
Stlth   ++           (no ring)
HPRegen 0.23/turn    (no ring)
MPRegen 0.09/turn

%: acrobat
@: unable to hop, acrobatic, slow
A: amphibious, slowness 1, strong legs 1, +LOS
a: Hop


You were on level 2 of the Dungeon.
You visited 1 branch of the dungeon, and saw 2 of its levels.

You collected 74 gold pieces.
You spent 45 gold pieces at shops.

Inventory:

Hand Weapons
 e - a +0 whip
 h - a +0 falchion
 i - a +0 sling (weapon)
Armour
 a - a +0 robe (worn)
Jewellery
 k - an amulet of the acrobat (around neck)
Scrolls
 c - 2 scrolls of amnesia {unknown}
 d - a scroll of vulnerability {unknown}
 f - a scroll of brand weapon {unknown}
 l - a scroll of teleportation {unknown}
Potions
 b - a potion of magic
 g - a potion of cancellation {unknown}
 j - a potion of curing {unknown}


   Skills:
 + Level 2.6 Dodging
 - Level 1.9 Stealth
 + Level 2.5 Spellcasting
 * Level 5.2 Summonings


You had 5 spell levels left.
You knew the following spells:

 Your Spells              Type           Power      Damage    Failure   Level
a - Summon Small Mammal   Summ           68%        N/A       2%          1

Your spell library contained the following spells:

 Spells                   Type           Power      Damage    Failure   Level
 Call Imp                 Summ           34%        N/A       3%          2
 Call Canine Familiar     Summ           17%        N/A       7%          3
 Summon Blazeheart Golem  Fire/Summ      9%         N/A       56%         4
 Summon Lightning Spire   Summ/Air       9%         N/A       56%         4


Dungeon Overview and Level Annotations

Branches:
Dungeon (2/15)

Altars:

Shops:
D:1 (


Innate Abilities, Weirdness & Mutations

You are amphibious.
You cover ground slowly.
You can hop short distances.
You have an extended range of vision and can be seen from far away.


Message History

The endoplasm quivers.
The quokka closely misses you. The ribbon worm bites you.
* * * LOW HITPOINT WARNING * * *
The ball python bites you.
* * * LOW HITPOINT WARNING * * *
The ball python grabs you.
You stop ascending the stairs.
The ball python constricts you.
Hop to where?
Press: ? - help, Dir - move target, p - ball python You escape the ball python's grasp.
A ball python comes into view.
Found a bubbling dark potion and a clear potion.
Boing!
Casting: Summon Small Mammal (safe; 2% risk of failure)
Confirm with . or Enter, or press ? or * to list all spells.
The quokka attacks as it pursues you! The quokka completely misses you.
The endoplasm hits you but does no damage.
The ball python completely misses you. The ball python misses you.
The quokka completely misses you.
Your rat misses the ball python.
Casting: Summon Small Mammal (safe; 2% risk of failure)
Confirm with . or Enter, or press ? or * to list all spells.
The ball python bites you but does no damage.
The ball python closely misses you. The endoplasm misses you.
The quokka barely misses you.
Your rat bites the ball python.
The ball python dies!
You swap places.
The ball python misses you. x2; The quokka bites your quokka.
The endoplasm freezes you.
You are frozen.
* * * LOW HITPOINT WARNING * * *
Your quokka bites the quokka.
Your rat closely misses the quokka.
The ball python completely misses you. x2
The quokka bites your quokka.
Your quokka bites the quokka.
The endoplasm misses you.
The ribbon worm barely misses your quokka.
Your rat misses the quokka. The ball python completely misses you.
The ball python misses you. The quokka closely misses your quokka.
Your quokka barely misses the quokka.
The endoplasm freezes you.
You are frozen.
You die...

..#. #. .!..#..#
.....#.####......#
........<##......#
...#...†....#....###
#.......r........
........#rw........
...........r........
.........##.J.......
...#..#####@S.......
...##. #..##.#....
.. #. #..## ......
...# ...!. ##.. ....
... .... ### ##.


You could see a ribbon worm, an endoplasm, a quokka (ally target), a ball
python, a friendly quokka (summoned) and a friendly rat (summoned).

Vanquished Creatures
  3 endoplasms (D:1)
  2 hobgoblins
  3 kobolds (D:1)
  3 ball pythons (D:1)
  2 bats (D:1)
  2 frilled lizards (D:1)
  A rat (D:1)
16 creatures vanquished.

Vanquished Creatures (collateral kills)
  An endoplasm (D:1)
  A quokka (D:1)
  A ball python (D:2)
  A kobold (D:1)
4 creatures vanquished.

Grand Total: 20 creatures vanquished

Notes
Turn   | Place    | Note
-------+----------+-------------------------------------------
     0 | D:1      | ChadusMaximus the Barachi Summoner began the quest for the
                  | Orb.
     0 | D:1      | Reached XP level 1. HP: 13/13 MP: 3/3
   224 | D:1      | Found Bitwuhoz's Antique Weapon Shop.
   311 | D:1      | Reached skill level 5 in Summonings
   311 | D:1      | Reached XP level 2. HP: 16/19 MP: 5/5
   334 | D:1      | Bought a sling for 45 gold pieces
   815 | D:2      | Frozen to death by an endoplasm

Illustrated notes

Levels and vault maps discovered:
D:1:      ebering_trefoil_twist, layout_loops_ring, serial_shops,
          nicolae_shop_waterfront, nrook_uturn, minmay_tiny_reverse_x
D:2:      layout_rooms, minmay_door_square, minmay_misc_feat_secret_circle,
          kennysheep_potato

Skill      XL: |  1 |
---------------+----+-----
Summonings     | 5 |  5.2
Dodging        | |  2.6
Stealth        | |  1.9
Spellcasting   | |  2.5

Action                     || total
---------------------------++-------
  Melee: Whip              ||    17
         Unarmed           ||    11
   Fire: Sling             ||    41
   Cast: Summon Small Mamm ||    11
Ability: Hop               ||     1
 Armour: Robe              ||    45
  Dodge: Dodged            ||    64
